 Dungeon Crawl Stone Soup version 0.31-a0-542-gdc2a67831c (webtiles) character file.

Game seed: 17462722479020604632

1878274 SuPeRPuSSyNoOTAB the Invulnerable (level 25, 236/236 HPs)
             Began as an Armataur Artificer on Aug 14, 2023.
             Was a High Priest of Okawaru.
             Escaped with the Orb
             ... and 3 runes!
             The game lasted 01:40:26 (53097 turns).

SuPeRPuSSyNoOTAB the Invulnerable (AtAr)           Turns: 53097, Time: 01:40:26

Health: 236/236    AC: 53    Str: 39    XL:     25   Next: 28%
Magic:  41/41      EV:  7    Int: 17    God:    Okawaru [*****.]
Gold:   4611       SH: 19    Dex:  8    Spells: 24/24 levels left

rFire   + + .        w - +9 morningstar (spect)
rCold   + . .        y - +5 Storm Queen's Shield {shock, Fly rElec}
rNeg    . . .        R - +10 gold dragon scales
rPois   +            u - +2 helmet "Kinom" {rElec rPois Str+3}
rElec   +            F - +0 cloak {Will+}
rCorr   +            t - +2 pair of gloves
SInv    .            g - +0 barding of the End {+Inv Str+5 Int+3 Dex-2}
Will    +++..        N - amulet of regeneration Stlth
                     L - ring "Bumam" {rElec rF+ rCorr MP+9 Str+3}
HPRegen 1.39/turn    r - ring of willpower
MPRegen 0.27/turn

%: roll
@: flying, studying 3 skills
A: large, rugged brown scales 3, deformed body, armoured tail, roll, long
tongue, awkward tongue
0: Orb of Zot
}: 3/15 runes: decaying, serpentine, silver
a: Renounce Religion, Evoke Invisibility, Heroism, Finesse, Duel


You escaped.
You worshipped Okawaru.
Okawaru was extremely pleased with you.
You visited 10 branches of the dungeon, and saw 48 of its levels.
You also visited: Sewer, Ice Cave and Volcano.

You collected 9193 gold pieces.
You spent 4582 gold pieces at shops.

Inventory:

Hand Weapons
 w - a +9 spectral morningstar (weapon)
 Q - a +6 heavy eveningstar
 W - the +7 sceptre of Torment {pain, torment}
   (You acquired it on level 5 of the Lair of Beasts)
Missiles
 p - 17 curare-tipped darts
 v - 4 throwing nets
 M - 5 silver javelins
 S - 19 javelins (quivered)
Armour
 g - the +0 barding of the End (worn) {+Inv Str+5 Int+3 Dex-2}
   (Okawaru gifted it to you on level 4 of the Swamp)

   Str+5:     It affects your strength (+5).
   Int+3:     It affects your intelligence (+3).
   Dex-2:     It affects your dexterity (-2).
   +Inv:      It lets you turn invisible.
 m - a scarf of resistance
 t - a +2 pair of gloves (worn)
 u - the +2 helmet "Kinom" (worn) {rElec rPois Str+3}
   (You found it on level 1 of the Vaults)

   Str+3:     It affects your strength (+3).
   rElec:     It insulates you from electricity.
   rPois:     It protects you from poison
 y - the +5 Storm Queen's Shield (worn) {shock, Fly rElec}
   (You bought it in a shop on level 6 of the Dungeon)

   Shock:     When it blocks an attack, it may electrocute the attacker.
   This works even against foes who are a short distance away.
   rElec:     It insulates you from electricity.
   Fly:       It grants you flight.
 F - a +0 cloak of willpower (worn)
 R - +10 gold dragon scales (worn)
Jewellery
 i - a ring of positive energy
 q - the necklace of Bloodlust {Fury *Rage Will++ Int-3 Slay+6}
   (You took it off a spriggan on level 3 of the Depths)

   [amulet of nothing]

   Fury:      It extends the wearer's berserk rage when killing foes.
   Int-3:     It affects your intelligence (-3).
   Slay+6:    It affects your accuracy & damage with ranged weapons and melee
   (+6).
   Will++:    It greatly increases your willpower.
   *Rage:     It berserks you when you make melee attacks (+50% chance).
 r - a ring of willpower (right hand)
 L - the ring "Bumam" (left hand) {rElec rF+ rCorr MP+9 Str+3}
   (You took it off a deep elf blademaster on level 3 of the Elven Halls)

   [ring of magical power]

   Str+3:     It affects your strength (+3).
   rF+:       It protects you from fire.
   rElec:     It insulates you from electricity.
   MP+9:      It affects your magic capacity (+9).
   rCorr:     It protects you from acid and corrosion.
 N - an amulet of regeneration (around neck)
 O - a ring of protection from fire
 T - a ring of resist corrosion
Wands
 c - a wand of flame (131)
 e - a wand of iceblast (27)
 k - a wand of mindburst (24)
 K - a wand of polymorph (16)
 U - a wand of digging (12)
 Z - a wand of quicksilver (26)
Scrolls
 o - a scroll of silence
 x - a scroll of revelation
 D - 12 scrolls of blinking
 G - 5 scrolls of fog
 H - 8 scrolls of immolation
 J - 6 scrolls of vulnerability
 P - 5 scrolls of poison
 X - 4 scrolls of fear
 Y - 17 scrolls of teleportation
Potions
 a - 2 potions of berserk rage
 d - 6 potions of mutation
 f - a potion of ambrosia
 h - 10 potions of curing
 j - 2 potions of haste
 l - 3 potions of resistance
 n - 6 potions of lignification
 s - 9 potions of magic
 z - 2 potions of invisibility
 A - 6 potions of heal wounds
 B - 6 potions of attraction
 C - 9 potions of enlightenment
 E - a potion of cancellation
 I - 3 potions of might
Miscellaneous
 b - a condenser vane
 V - a phial of floods


   Skills:
 + Level 17.3 Fighting
 - Level 16.0 Maces & Flails
 - Level 18.0 Throwing
 O Level 27 Armour
 - Level 9.0 Dodging
 - Level 3.1 Stealth
 - Level 21.0 Shields
 - Level 9.0 Necromancy
 - Level 12.0 Invocations
 - Level 9.0 Evocations


You had 24 spell levels left.
You didn't know any spells.
Your spell library contained the following spells:

 Spells                   Type           Power      Damage    Failure   Level
 Sublimation of Blood     Necr           30%        N/A       3%          2
 Dispel Undead            Necr           30%        3d14      24%         4
 Cigotuvi's Dreadful Rot  Necr/Pois/Air  20%        N/A       38%         2
 Agony                    Necr           30%        N/A       54%         5
 Freeze                   Ice            0%         1d3       67%         1
 Shock                    Conj/Air       0%         1d3       67%         1
 Sting                    Tmut/Pois      0%         1d3       67%         1
 Blink                    Tloc           0%         N/A       82%         2
 Ensorcelled Hibernation  Hex/Ice        0%         N/A       82%         2
 Lesser Beckoning         Tloc           0%         N/A       82%         2
 Momentum Strike          Conj/Tloc      0%         3d8       82%         2
 Poisonous Vapours        Pois/Air       0%         N/A       82%         2
 Scorch                   Fire           0%         2d5       82%         2
 Wereblood                Tmut           0%         N/A       82%         2
 Anguish                  Hex/Necr       7%         N/A       83%         4
 Dazzling Flash           Conj/Hex       0%         N/A       96%         3
 Frozen Ramparts          Ice            0%         1d1       96%         3
 Hailstorm                Conj/Ice       0%         3d3       96%         3
 Ignite Poison            Fire/Tmut/Pois 0%         N/A       96%         3
 Mephitic Cloud           Conj/Pois/Air  0%         N/A       96%         3
 Ozocubu's Armour         Ice            0%         N/A       96%         3
 Swiftness                Air            0%         N/A       96%         3
 Vhi's Electric Charge    Tloc/Air       0%         N/A       96%         3
 Volatile Blastmotes      Fire/Tloc      0%         2d10      96%         3
 Borgnjor's Vile Clutch   Necr/Erth      7%         N/A       99%         5
 Airstrike                Air            0%         2d(0-16)  100%        4
 Cause Fear               Hex            0%         N/A       100%        4
 Flame Wave               Conj/Fire      0%         2d4       100%        4
 Fulminant Prism          Conj/Hex       0%         3d5       100%        4
 Iskenderun's Mystic Bla  Conj/Tloc      0%         2d3       100%        4
 Leda's Liquefaction      Hex/Erth       0%         N/A       100%        4
 Manifold Assault         Tloc           0%         N/A       100%        4
 Olgreb's Toxic Radiance  Pois           0%         N/A       100%        4
 Passage of Golubria      Tloc           0%         N/A       100%        4
 Petrify                  Tmut/Erth      0%         N/A       100%        4
 Alistair's Intoxication  Tmut/Pois      0%         N/A       100%        5
 Arcjolt                  Conj/Air       0%         1d10      100%        5
 Fireball                 Conj/Fire      0%         3d3       100%        5
 Freezing Cloud           Conj/Ice/Air   0%         6-21      100%        5
 Irradiate                Conj/Tmut      0%         3d11      100%        5
 Iskenderun's Battlesphe  Conj           0%         2d6       100%        5
 Lee's Rapid Deconstruct  Erth           0%         3d4*      100%        5
 Metabolic Englaciation   Hex/Ice        0%         N/A       100%        5
 Silence                  Hex/Air        0%         N/A       100%        5
 Conjure Ball Lightning   Conj/Air       0%         3x3d6     100%        6
 Eringya's Noxious Bog    Tmut/Pois      0%         4d6       100%        6
 Leda's Unmaking          Conj/Erth      0%         9d1       100%        6
 Plasma Beam              Fire/Air       0%         2x1d10    100%        6
 Orb of Destruction       Conj           0%         9d5       100%        7
 Ozocubu's Refrigeration  Ice            0%         4d7       100%        7
 Discord                  Hex            0%         N/A       100%        8
 Disjunction              Tloc           0%         N/A       100%        8
 Chain Lightning          Conj/Air       0%         N/A       100%        9
 Fire Storm               Conj/Fire      0%         5d1       100%        9
 Shatter                  Erth           0%         3d5*      100%        9
 Animate Dead             Necr           Unusable   N/A       N/A         4
 Death Channel            Necr           Unusable   N/A       N/A         6
 Summon Ice Beast         Ice/Summ       Unusable   N/A       N/A         4
 Summon Forest            Summ/Tloc      Unusable   N/A       N/A         5
 Simulacrum               Ice/Necr       Unusable   N/A       N/A         6
 Summon Cactus Giant      Summ           Unusable   N/A       N/A         6
 Summon Hydra             Summ           Unusable   N/A       N/A         7
 Dragon's Call            Summ           Unusable   N/A       N/A         9

Dungeon Overview and Level Annotations

Branches:
Dungeon (15/15)            Temple (1/1) D:5            Lair (5/5) D:11
  Swamp (4/4) Lair:3        Snake (4/4) Lair:2        Slime (0/5) Lair:4
    Orc (2/2) D:11            Elf (3/3) Orc:2        Vaults (5/5) D:13
  Crypt (0/3) Vaults:2     Depths (4/4) D:15            Zot (5/5) Depths:4
  Sewer (visited)           IceCv (visited)         Volcano (visited)

Altars:
Ashenzari
Cheibriados
Dithmenos
Elyvilon
Fedhas
Gozag
Hepliaklqana
Kikubaaqudgha
Makhleb
Nemelex Xobeh
Okawaru
Qazlal
Ru
Sif Muna
Trog
Uskayaw
Vehumet
Wu Jian
Xom
Yredelemnul
Zin
The Shining One
Jiyva

Shops:
D:6 !:([?   Orc:2 !!:[   Elf:1 =   Elf:3 !:(   Snake:2 [   Vaults:5 ?
Depths:4 ?

Portals:
Hell: Depths:1 Depths:2 Depths:3 Depths:4
Abyss: Depths:3 Depths:4
Pandemonium: Orc:2 Depths:2 Depths:3
Ziggurat: Depths:3

Annotations:
D:12 1 transporter, MrCrawl's ghost, journeyman TeFE
Temple 2 transporters
Lair:3 2 runed translucent doors, Diecruk's ghost, journeyman GnHu
Snake:1 3 runed translucent doors, Douf's ghost, adept MiBe
Elf:2 3 runed translucent doors
Depths:2 3 runed translucent doors, Afra's ghost, veteran FoHs; Yteiw's ghost, adept HOMo
Zot:2 2 transporters


Innate Abilities, Weirdness & Mutations

You are completely covered in rugged brown scales. (AC +3, +7% HP)
Armour fits poorly on your strangely shaped body.
You have a long armoured tail.
You roll when moving toward enemies. (Rampage)
Your long tongue fully drains potion bottles. (2x potion effects)
Your tongue gives you trouble enunciating. (1.5x scroll delay)


Message History

Your +9 spectral morningstar barely misses the golden eye.
The golden eye blinks at you. You resist with almost no effort.
You sock the golden eye!
You kill the golden eye!
Okawaru accepts your kill.
Your +9 spectral morningstar disappears.
The golden eye blinks at you. You resist with almost no effort.
You barely miss the golden eye.
Your tail-slap misses the golden eye.
Your +9 spectral morningstar barely misses the golden eye.
The golden eye blinks at you. You resist with almost no effort.
The golden eye blinks at you. You resist with almost no effort.
You closely miss the golden eye. You tail-slap the golden eye.
The golden eye is lightly wounded.
Your +9 spectral morningstar hits the golden eye!!
You kill the golden eye!
Okawaru accepts your kill. The golden eye blinks at you.
You resist with almost no effort.
Unknown command.
You sock the golden eye!
Your tail-slap misses the golden eye.
The golden eye is heavily wounded.
Your +9 spectral morningstar hits the golden eye!
You kill the golden eye!
Okawaru accepts your kill.
No target in view!
No target in view!
(D) Dungeon (T) Temple (L) Lair (S) Swamp (P) Snake Pit (M) Slime Pits (O) Orcish Mines (E) Elven Halls (V) Vaults (C) Crypt (U) Depths (H) Hell (Z) Zot
Where to? (Tab/Enter - D:1 @ (x,y), ? - help)
What level of the Dungeon? (default 1, ? - help)
Your +9 spectral morningstar disappears.
There is a staircase leading out of the dungeon here.
Unknown command.
You have escaped!

########### ....#.....##
...........############
......................#
............#########.#########
............##......#.#.#.....#
............##.####.#.#.#.###.#
.............#.#@.#.#.#.#...#.#
.............#.##.#.#.#.#####.#
...........#.#....#.#.#.......#
.............######.#.#.#########
####.#..##.#....................#
## #.##..#.###.##############.#.#
.# #.###...###.#..........#...#..
.# #.........#.#.########.#.#.###
.###..#####..#.#.#........#.#.#..


There were no monsters in sight!

Vanquished Creatures
  6 dread liches
  An ancient lich (Depths:3)
  2 orbs of fire (Zot:5)
  A juggernaut (Depths:2)
  Bai Suzhen (Depths:1)
  Parghit (Depths:4)
  4 Killer Klowns
  Saint Roka (Depths:1)
  3 caustic shrikes
  A profane servitor (Zot:5)
  3 golden dragons
  Jory (Depths:3)
  Norris (Vaults:4)
  A bone dragon (Depths:4)
  the Enchantress (Arena)
  2 electric golems (Zot:5)
  2 hellephants (Depths:3)
  13 tentacled monstrosities
  An iron giant (Depths:3)
  A Hell Sentinel (Depths:2)
  A walking frostbound tome (Depths:2)
  3 liches
  26 Orb Guardians
  A walking divine tome (Depths:2)
  Asterion (Vaults:1)
  A titan (Arena)
  A quicksilver dragon (Zot:5)
  4 deep elf blademasters (Elf:3)
  2 deep elf master archers
  3 sphinxes
  A kraken (Swamp:4)
  A death cob (Zot:2)
  4 thorn hunters
  12 storm dragons
  5 tengu reavers
  7 shadow dragons
  Donald (Elf:3)
  13 nagarajas
  2 draconian monks (Zot:5)
  10 fire giants
  6 frost giants
  14 vault wardens
  4 fenstrider witches
  A draconian scorcher (Zot:5)
  12 deep elf sorcerers
  6 iron dragons
  2 draconian knights (Zot:5)
  2 balrugs
  3 draconian shifters (Zot:5)
  2 ghouls
  18 ironbound preservers
  15 stone giants
  3 orc warlords
  4 deep elf elementalists (Elf:3)
  3 draconian annihilators
  5 war gargoyles
  3 formless jellyfish
  21 very ugly things
  5 spriggan defenders
  5 vampire knights
  9 ironbound thunderhulks
  6 green draconians
  5 white draconians
  6 yellow draconians
  4 deep elf demonologists (Elf:3)
  9 black draconians
  6 dire elephants
  7 red draconians
  4 eleionomae (Swamp:2)
  3 deep elf annihilators (Elf:3)
  A spectral titan (Depths:3)
  15 spark wasps
  A purple draconian (Zot:5)
  4 bunyips
  13 ettins
  8 deep elf death magi
  A spectral golden dragon (Depths:3)
  A blizzard demon (Depths:3)
  7 jiangshi
  A crystal guardian (Depths:3)
  8 great orbs of eyes
  3 shambling mangroves
  3 rakshasas
  2 deep elf high priests
  2 caustic shrike simulacra (Depths:3)
  A spectral tengu (Depths:3)
  6 ice dragons
  10 fire dragons
  An ogre mage (D:15)
  29 vault guards
  9 yaktaur captains
  2 peacekeepers (Vaults:3)
  A juggernaut simulacrum (Depths:3)
  4 ghost crabs
  25 hydras
  2 catoblepae (Lair:5)
  9 spriggan air magi
  9 anacondas
  3 demonspawn (Orc:2)
  14 centaur warriors
  6 ironbound frosthearts
  An anaconda (shapeshifter) (Vaults:5)
  9 two-headed ogres
  24 dancing weapons
  A satyr (shapeshifter) (Vaults:5)
  15 alligators
  16 naga warriors
  A boulder beetle (Vaults:2)
  3 tengu warriors
  7 deep troll earth magi
  5 deep troll shamans
  6 hell hogs
  Urug (D:13)
  10 shock serpents
  11 orc high priests
  Nergalle (Lair:1)
  20 naga sharpshooters
  4 vampire magi
  19 deep elf knights
  10 spriggan berserkers
  3 hell knights
  8 skeletal warriors
  4 skysharks
  A fire crab (Lair:4)
  4 iron trolls
  Lodul (D:13)
  A glowing orange brain (Depths:2)
  7 spriggan druids
  5 salamander mystics
  9 swamp dragons
  11 goliath frogs
  43 deep trolls
  6 phantasmal warriors
  7 flayed ghosts
  8 naga ritualists
  14 deep elf archers
  An orb spider (shapeshifter) (Vaults:5)
  5 bog bodies
  14 ironbound convokers
  31 deep elf pyromancers
  2 necromancers
  9 wizards
  6 lindwurms
  4 spectral hydras (Swamp:4)
  9 mana vipers
  Jeremiah (D:7)
  33 deep elf zephyrmancers
  3 oklob plants (Swamp:4)
  17 orc knights
  A harpy (shapeshifter) (D:15)
  30 ugly things
  3 manticores
  9 orc sorcerers
  15 salamanders
  4 will-o-the-wisps
  13 elephants
  A frost giant zombie (Depths:3)
  9 moths of wrath
  5 cyclopes
  A torpor snail (shapeshifter) (Depths:1)
  47 black mambas
  21 vault sentinels
  A black mamba (shapeshifter) (D:13)
  A human skeleton (Vaults:3)
  9 guardian serpents
  2 smoke demons (Depths:4)
  11 slime creatures
  20 naga magi
  A torpor snail (Lair:4)
  An orange demon (Orc:2)
  An unseen horror (D:13)
  A molten gargoyle (Depths:3)
  2 gargoyles
  8 cane toads
  4 komodo dragons
  4 kobold demonologists
  16 yaktaurs
  9 rime drakes
  6 tengu conjurers
  5 freezing wraiths
  Maggie (Lair:1)
  2 efreet
  A red devil (Depths:4)
  3 meliai (D:15)
  2 hydra zombies (Swamp:4)
  A hornet (shapeshifter) (Depths:4)
  A death drake zombie (Swamp:4)
  A hydra skeleton (Swamp:4)
  5 trolls
  A tyrant leech (shapeshifter) (Vaults:3)
  25 hornets
  20 blink frogs
  10 tyrant leeches
  9 dream sheep
  2 death drake skeletons (Swamp:4)
  An ettin zombie (Vaults:3)
  3 shadows (D:11)
  21 spriggans
  4 water elementals
  6 wyverns
  55 yaks
  4 air elementals
  9 wraiths
  A ynoxinul (Depths:1)
  5 fire elementals
  3 golden eyes (D:1)
  An elf skeleton (Vaults:3)
  3 basilisks
  A chaos spawn (Orc:2)
  3 steam dragons
  A redback (shapeshifter) (Elf:2)
  7 vampire mosquitoes (D:14)
  Menkaure (D:4)
  17 swamp worms
  7 wargs
  2 hydra simulacra (Swamp:4)
  47 nagas
  2 acid dragons (D:11)
  16 water moccasins
  A floating eye (Depths:4)
  A sky beast (D:6)
  9 swamp drakes
  A swamp dragon zombie (Swamp:4)
  4 ice beasts
  50 orc warriors
  11 wolves
  2 swamp dragon skeletons (Swamp:4)
  22 ogres
  9 centaurs
  2 phantoms
  5 kobold brigands
  14 bullfrogs
  A human zombie (Vaults:3)
  A gnoll sergeant (D:10)
  4 earth elementals (Elf:1)
  4 scorpions
  4 wights
  A hornet simulacrum (D:14)
  11 killer bees (D:9)
  An electric eel (D:13)
  2 oklob saplings (D:8)
  4 howler monkeys
  7 hounds
  28 orc priests
  4 gnoll boudas
  An iguana (shapeshifter) (Elf:1)
  7 jellies
  2 iguanas
  A sleepcap (D:6)
  36 orc wizards
  17 adders
  15 gnolls
  A river rat (D:3)
  3 shadow imps
  14 white imps
  An ufetubus (D:4)
  A worm (D:5)
  4 dart slugs
  88 orcs
  8 endoplasms
  12 giant cockroaches
  5 goblins
  6 hobgoblins
  2 jackals (D:5)
  19 kobolds
  6 quokkas
  3 training dummies (Elf:1)
  17 ball pythons
  2 bats
  11 frilled lizards
  22 rats
  A spectral orc (D:3)
  4 tentacles (Swamp:4)
2048 creatures vanquished.

Vanquished Creatures (others)
  A draconian knight (Zot:5)
  A goliath frog (Swamp:2)
  2 deep elf archers (Elf:3)
  A wizard (Vaults:2)
  2 deep elf pyromancers (Elf:3)
  A moth of wrath (Zot:5)
  3 bloated husks
  A hornet (Swamp:3)
  2 spriggans (Swamp:3)
  A water elemental (Depths:2)
  34 foxfires
  21 spectral weapons
  9 tentacles (Swamp:4)
79 creatures vanquished.

Grand Total: 2127 creatures vanquished

Notes
Turn   | Place    | Note
-------+----------+-------------------------------------------
     0 | D:1      | SuPeRPuSSyNoOTAB the Armataur Artificer began the quest for
                  | the Orb.
     0 | D:1      | Reached XP level 1. HP: 16/16 MP: 1/1
   452 | D:1      | Reached XP level 2. HP: 6/23 MP: 2/2
   878 | D:2      | Reached skill level 1 in Maces & Flails
   894 | D:2      | Reached XP level 3. HP: 28/28 MP: 3/3
  1563 | D:3      | Reached XP level 4. HP: 6/36 MP: 4/4
  1600 | D:3      | Found a basalt altar of Yredelemnul.
  1652 | D:3      | Found a glowing drain.
  1685 | Sewer    | Entered a sewer
  1715 | Sewer    | Reached skill level 3 in Armour
  1864 | Sewer    | Noticed a bullfrog
  1870 | Sewer    | Killed a bullfrog
  1871 | Sewer    | Reached XP level 5. HP: 32/41 MP: 5/5
  2534 | D:4      | Noticed Menkaure
  2540 | D:4      | Killed Menkaure
  2541 | D:4      | Reached skill level 4 in Armour
  2541 | D:4      | Reached XP level 6. HP: 27/49 MP: 6/6
  2899 | D:4      | Reached skill level 5 in Maces & Flails
  3087 | D:4      | Reached skill level 5 in Armour
  3099 | D:4      | Reached XP level 7. HP: 52/54 MP: 7/7
  3388 | D:5      | Entered Level 5 of the Dungeon
  3715 | D:5      | Noticed a steam dragon
  3721 | D:5      | Killed a steam dragon
  3791 | D:5      | Reached skill level 6 in Armour
  4012 | D:5      | Reached XP level 8. HP: 51/62 MP: 8/8
  4046 | D:5      | Found a staircase to the Ecumenical Temple.
  4088 | Temple   | Found a transporter.
  4088 | Temple   | Found a transporter.
  4088 | Temple   | Found a transporter.
  4088 | Temple   | Found a transporter.
  4088 | Temple   | Entered the Ecumenical Temple
  4103 | Temple   | Became a worshipper of Warmaster Okawaru
  4270 | D:5      | Reached skill level 7 in Armour
  4702 | D:6      | Reached * piety under Okawaru
  4810 | D:6      | Found Piuqybb's Distillery.
  4818 | D:6      | Bought a potion of degeneration for 14 gold pieces
  4818 | D:6      | Bought a potion of heal wounds for 70 gold pieces
  4823 | D:6      | Bought a potion of invisibility for 112 gold pieces
  5104 | D:6      | Found Jievi's Armour Boutique.
  5105 | D:6      | Found a shimmering altar of Xom.
  5106 | D:6      | Found Fotzyf's Magic Scroll Shoppe.
  5159 | D:6      | Reached skill level 8 in Armour
  5196 | D:6      | Found Batoopt's Antique Weapon Shoppe.
  5322 | D:6      | Found Goiz's Book Shoppe.
  5411 | D:6      | Found a radiant altar of Vehumet.
  5573 | D:6      | Reached XP level 9. HP: 61/67 MP: 9/9
  6174 | D:7      | Reached ** piety under Okawaru
  6223 | D:7      | Noticed Jeremiah
  6561 | D:7      | Identified the +5 long sword "Faheilal" {spect, *Slow Str+2
                  | Int+4}
  6568 | D:7      | Identified the +4 whip "Newtbane" {flame, rCorr Int+2}
  6583 | D:7      | Killed Jeremiah
  6584 | D:7      | Reached skill level 9 in Armour
  6593 | D:7      | Found a radiant altar of Vehumet.
  6704 | D:7      | Reached skill level 10 in Maces & Flails
  7033 | D:7      | Reached skill level 10 in Armour
  7033 | D:7      | Reached skill level 1 in Fighting
  7290 | D:8      | Reached *** piety under Okawaru
  7395 | D:8      | Reached skill level 1 in Throwing
  7679 | D:8      | Reached skill level 1 in Invocations
  7887 | D:8      | Got the Octavo of Nature
  7894 | D:8      | Reached XP level 10. HP: 79/79 MP: 9/11
  8014 | D:8      | Identified the +0 robe of Yteam {Drain rPois Int+4
                  | Archmagi}
  8228 | D:8      | Received a gift from Okawaru
  8230 | D:8      | Reached **** piety under Okawaru
  9266 | D:9      | Found an ancient bone altar of Kikubaaqudgha.
  9268 | D:9      | Found a hide-covered altar of Uskayaw.
  9268 | D:9      | Found a bloodstained altar of Trog.
  9270 | D:9      | Found a hazy altar of Hepliaklqana.
  9270 | D:9      | Found a snail-covered altar of Cheibriados.
  9631 | D:9      | Reached skill level 5 in Fighting
 10172 | D:10     | Entered Level 10 of the Dungeon
 10463 | D:10     | Noticed a two-headed ogre
 10476 | D:10     | Killed a two-headed ogre
 10543 | D:10     | Identified the +5 hand axe of Xykano {flame, rElec rF+
                  | Will+ Str-4}
 10550 | D:10     | Received a gift from Okawaru
 10685 | D:10     | Received a gift from Okawaru
 10818 | D:6      | Bought a +0 cloak of willpower for 172 gold pieces
 11034 | D:10     | Reached skill level 5 in Invocations
 11034 | D:10     | Reached XP level 11. HP: 87/97 MP: 14/14
 11276 | D:10     | Found a burning altar of Makhleb.
 11276 | D:10     | Noticed an Executioner
 11564 | D:11     | Reached ***** piety under Okawaru
 11723 | D:11     | Found a staircase to the Lair.
 11783 | D:11     | Found a staircase to the Orcish Mines.
 11786 | D:11     | Noticed a sixfirhy
 12140 | D:10     | Received a gift from Okawaru
 12953 | D:11     | Received a gift from Okawaru
 13144 | D:12     | Noticed a two-headed ogre
 13149 | D:12     | Killed a two-headed ogre
 13150 | D:12     | Reached skill level 5 in Throwing
 13250 | D:12     | Found a transporter.
 13293 | Lair:1   | Entered Level 1 of the Lair of Beasts
 13345 | Lair:1   | Received a gift from Okawaru
 13431 | Lair:1   | Reached ****** piety under Okawaru
 13431 | Lair:1   | Received a gift from Okawaru
 13666 | Lair:1   | Found a dark tunnel.
 13706 | Volcano  | Entered a volcano
 13726 | Volcano  | Reached XP level 12. HP: 102/108 MP: 18/18
 14025 | Lair:1   | Identified the +2 barding "Zarotz" {rF+ Int-5 Slay+3}
                  | (Okawaru gifted it to you on level 1 of the Lair of Beasts)
 14025 | Lair:1   | Received a gift from Okawaru
 14190 | Lair:1   | Noticed Maggie
 14196 | Lair:1   | Killed Maggie
 14210 | Lair:1   | Noticed Nergalle
 14219 | Lair:1   | Killed Nergalle
 14220 | Lair:1   | Reached skill level 11 in Armour
 15028 | Lair:2   | Noticed a five-headed hydra
 15036 | Lair:2   | Killed a five-headed hydra
 15053 | Lair:2   | Reached skill level 12 in Armour
 15283 | Lair:2   | Found a staircase to the Snake Pit.
 15330 | Lair:2   | Reached skill level 1 in Shields
 15675 | Lair:2   | Reached skill level 10 in Fighting
 15881 | Lair:3   | Found a runed translucent door.
 15921 | Lair:3   | Found a runed translucent door.
 15937 | Lair:3   | Received a gift from Okawaru
 16058 | Lair:3   | Noticed Diecruk's ghost (journeyman GnHu)
 16059 | Lair:3   | Identified the +5 trident of Destruction {flame, rElec rC++
                  | Dex+3}
 16180 | Lair:3   | Noticed a five-headed hydra
 16193 | Lair:3   | Killed a five-headed hydra
 16193 | Lair:3   | Received a gift from Okawaru
 16194 | Lair:3   | Reached XP level 13. HP: 70/120 MP: 19/19
 16234 | Lair:3   | Found an opulent altar of Gozag.
 16596 | Lair:3   | Reached skill level 13 in Armour
 16657 | Lair:3   | Found a staircase to the Swamp.
 16663 | Lair:3   | Identified the +5 mace of Iraguv {vamp, Str+3} (Okawaru
                  | gifted it to you on level 3 of the Lair of Beasts)
 16663 | Lair:3   | Received a gift from Okawaru
 17948 | Lair:4   | Reached skill level 5 in Shields
 18034 | Lair:4   | Found a viscous altar of Jiyva.
 18035 | Lair:4   | Found a staircase to the Slime Pits.
 18198 | Lair:4   | Found a frozen archway.
 18221 | IceCv    | Entered an ice cave
 18313 | Lair:4   | Identified the +1 robe "Holiedocs" {Fly Will+ rCorr}
                  | (Okawaru gifted it to you on level 4 of the Lair of Beasts)
 18313 | Lair:4   | Received a gift from Okawaru
 18646 | Lair:5   | Entered Level 5 of the Lair of Beasts
 18871 | Lair:5   | Identified a scroll of acquirement
 18871 | Lair:5   | Acquired the +7 sceptre of Torment {pain, torment}
 18871 | Lair:5   | Found the +7 sceptre of Torment {pain, torment}
 19039 | Lair:5   | Reached skill level 1 in Necromancy
 19230 | Lair:5   | Reached XP level 14. HP: 117/132 MP: 18/21
 19613 | Lair:5   | Reached skill level 10 in Invocations
 20035 | D:6      | Bought the +5 Storm Queen's Shield {shock, Fly rElec} for
                  | 684 gold pieces
 20035 | D:6      | Found the +5 Storm Queen's Shield {shock, Fly rElec}
 20195 | Orc:1    | Entered Level 1 of the Orcish Mines
 20394 | Orc:2    | Entered Level 2 of the Orcish Mines
 20411 | Orc:2    | Noticed an orc warlord
 20428 | Orc:2    | Killed an orc warlord
 20428 | Orc:2    | Identified the -2 barding of Philately {-Cast rElec Dex+2}
                  | (Okawaru gifted it to you on level 2 of the Orcish Mines)
 20428 | Orc:2    | Received a gift from Okawaru
 20525 | Orc:1    | Reached skill level 5 in Evocations
 21051 | Orc:2    | Found a staircase to the Elven Halls.
 21203 | Orc:2    | Found Ytsepheh's Distillery.
 21219 | Orc:2    | Found Hufutor's Distillery.
 21390 | Orc:2    | Bought a potion of resistance for 150 gold pieces
 21390 | Orc:2    | Bought a potion of mutation for 120 gold pieces
 21392 | Orc:2    | Bought a potion of enlightenment for 75 gold pieces
 21640 | Orc:2    | Reached skill level 5 in Necromancy
 21676 | Orc:2    | Found Gyemuej's Antique Armour Boutique.
 21676 | Orc:2    | Found Isesch's Book Shop.
 21687 | Orc:2    | Identified the +11 plate armour "Yshrus" {rF+++ Regen+
                  | Str+6 Slay-5} (Okawaru gifted it to you on level 2 of the
                  | Orcish Mines)
 21687 | Orc:2    | Received a gift from Okawaru
 21734 | Orc:2    | Found a one-way gate leading to the halls of Pandemonium.
 22211 | D:12     | Noticed MrCrawl's ghost (journeyman TeFE)
 22343 | D:12     | Identified the +2 long sword of the Narrow God {freeze, rF+
                  | Int+2}
 22971 | D:13     | Reached XP level 15. HP: 130/138 MP: 23/23
 23234 | D:13     | Found a gate to the Vaults.
 23310 | D:13     | Noticed Lodul
 23317 | D:13     | Killed Lodul
 23381 | D:13     | Noticed Urug
 23387 | D:13     | Killed Urug
 23546 | D:13     | Received a gift from Okawaru
 24112 | D:14     | Found a glowing golden altar of the Shining One.
 24511 | D:15     | Entered Level 15 of the Dungeon
 24944 | D:15     | Found a staircase to the Depths.
 24944 | D:15     | Noticed a frost giant
 24955 | D:15     | Killed a frost giant
 25314 | Snake:1  | Entered Level 1 of the Snake Pit
 25417 | Snake:1  | Received a gift from Okawaru
 25517 | Snake:1  | Found a runed translucent gate.
 25517 | Snake:1  | Found a runed translucent gate.
 25520 | Snake:1  | Found a runed translucent gate.
 25523 | Snake:1  | Noticed Douf's ghost (adept MiBe)
 25707 | Snake:1  | Received a gift from Okawaru
 26052 | Snake:2  | Reached XP level 16. HP: 146/146 MP: 24/24
 26366 | Snake:2  | Found Erlang Shen's Dragon-Slaying Spoils.
 26840 | Snake:2  | Identified the +10 great mace of the Unliving {vamp, rPois
                  | Will+ Str-2 Dex+2} (Okawaru gifted it to you on level 2 of
                  | the Snake Pit)
 26840 | Snake:2  | Received a gift from Okawaru
 27596 | Snake:3  | Received a gift from Okawaru
 27630 | Snake:3  | Reached skill level 14 in Armour
 27960 | Snake:3  | Identified the +7 chain mail "Iqus Kywn" {rElec rF- rN+++
                  | Str+3} (Okawaru gifted it to you on level 3 of the Snake
                  | Pit)
 27960 | Snake:3  | Received a gift from Okawaru
 27961 | Snake:3  | Reached skill level 15 in Maces & Flails
 28404 | Snake:4  | Entered Level 4 of the Snake Pit
 28810 | Snake:4  | Reached XP level 17. HP: 139/154 MP: 26/26
 29044 | Snake:4  | Identified the +1 barding of the Past {Fly rN+ Dex+2}
                  | (Okawaru gifted it to you on level 4 of the Snake Pit)
 29044 | Snake:4  | Received a gift from Okawaru
 29472 | Snake:4  | Got a serpentine rune of Zot
 29640 | Snake:4  | Reached skill level 15 in Armour
 30102 | Swamp:1  | Entered Level 1 of the Swamp
 30318 | Swamp:1  | Found a hazy altar of Hepliaklqana.
 30323 | Swamp:1  | Received a gift from Okawaru
 30659 | Swamp:3  | Received a gift from Okawaru
 30678 | Swamp:4  | Entered Level 4 of the Swamp
 30772 | Swamp:4  | Noticed a kraken
 30957 | Swamp:4  | Killed a kraken
 31287 | Swamp:4  | Identified the +0 barding of the End {+Inv Str+5 Int+3
                  | Dex-2} (Okawaru gifted it to you on level 4 of the Swamp)
 31287 | Swamp:4  | Received a gift from Okawaru
 31365 | Swamp:4  | Reached XP level 18. HP: 164/164 MP: 27/27
 31410 | Swamp:3  | Reached skill level 10 in Shields
 31430 | Swamp:3  | Reached skill level 16 in Armour
 31765 | Swamp:4  | Reached skill level 10 in Throwing
 31891 | Swamp:4  | Found a blossoming altar of Fedhas.
 32056 | Swamp:4  | Found a basalt altar of Yredelemnul.
 32072 | Swamp:4  | Got a decaying rune of Zot
 32314 | Swamp:3  | Received a gift from Okawaru
 32733 | Swamp:2  | Reached skill level 17 in Armour
 33008 | Swamp:2  | Identified the +1 ring mail "Uniodut" {rElec rF+ Int+2
                  | Dex+3} (Okawaru gifted it to you on level 2 of the Swamp)
 33008 | Swamp:2  | Received a gift from Okawaru
 33962 | Snake:2  | Bought +2 gold dragon scales for 1656 gold pieces
 34274 | Elf:1    | Entered Level 1 of the Elven Halls
 34405 | Elf:1    | Paralysed by an air elemental for 1 turns
 34411 | Elf:1    | Paralysed by an air elemental for 1 turns
 34746 | Elf:1    | Reached XP level 19. HP: 127/171 MP: 28/28
 34748 | Elf:1    | Reached skill level 18 in Armour
 34957 | Elf:1    | Received a gift from Okawaru
 35152 | Elf:1    | Found Valik's Jewellery Shoppe.
 35154 | Elf:1    | Identified the +8 arbalest of Xotretzu {freeze, rC+ Dex+2}
 35704 | Elf:2    | Received a gift from Okawaru
 36170 | Elf:2    | Found a runed translucent gate.
 36171 | Elf:2    | Found a runed translucent gate.
 36171 | Elf:2    | Found a runed translucent gate.
 36317 | Elf:3    | Entered Level 3 of the Elven Halls
 36482 | Elf:3    | Paralysed by an air elemental for 1 turns
 36491 | Elf:3    | Reached skill level 19 in Armour
 36737 | Elf:3    | Found Noetomo's Distillery.
 36746 | Elf:3    | Bought a potion of curing for 39 gold pieces
 36746 | Elf:3    | Bought a potion of curing for 39 gold pieces
 37260 | Elf:3    | Found Xingutav's Book Boutique.
 37273 | Elf:3    | Found Dituappa's Antique Weapon Shoppe.
 37297 | Elf:3    | Bought a manual of Dodging for 960 gold pieces
 37611 | Elf:3    | Reached skill level 1 in Dodging
 37680 | Elf:3    | Received a gift from Okawaru
 37703 | Elf:3    | Identified the +8 plate armour of Tartarus {Slay+5}
 37703 | Elf:3    | Identified the ring "Bumam" {rElec rF+ rCorr MP+9 Str+3}
 37703 | Elf:3    | Identified the +2 whip "Qemozawk" {freeze, Int+2 Dex+2}
 37721 | Elf:3    | Reached skill level 20 in Armour
 37733 | Elf:3    | Reached XP level 20. HP: 120/179 MP: 27/29
 37738 | Elf:3    | Identified the amulet of Eneo {Faith rElec Str+3}
 37751 | Elf:3    | Noticed Donald
 37760 | Elf:3    | Killed Donald
 38416 | Vaults:1 | Entered Level 1 of the Vaults
 38425 | Vaults:1 | Acquired 1133 gold pieces
 38573 | Vaults:1 | Identified the +2 helmet "Kinom" {rElec rPois Str+3}
 38591 | Vaults:1 | Noticed Asterion
 38602 | Vaults:1 | Killed Asterion
 38631 | Vaults:1 | Received a gift from Okawaru
 38661 | Arena    | Entered the Arena
 38877 | Vaults:1 | Identified the +10 plate armour "Foplisuk" {*Slow rF+++
                  | Regen+ Dex-2}
 39828 | Vaults:1 | Received a gift from Okawaru
 39829 | Vaults:1 | Reached skill level 5 in Dodging
 39901 | Vaults:2 | Reached skill level 21 in Armour
 39921 | Vaults:2 | Reached skill level 15 in Shields
 40297 | Vaults:2 | Found a staircase to the Crypt.
 40826 | Vaults:2 | Identified the +5 eveningstar "Goblinbane" {flame, rF++}
 41159 | Vaults:3 | Identified the +0 robe of the Inviting Gods {Rampage}
                  | (Okawaru gifted it to you on level 3 of the Vaults)
 41159 | Vaults:3 | Received a gift from Okawaru
 41167 | Vaults:3 | Reached XP level 21. HP: 186/186 MP: 30/30
 41318 | Vaults:3 | Reached skill level 22 in Armour
 41782 | Vaults:3 | Identified the staff of the Puffball {Drain Fragile +Blink
                  | rC++ Conj}
 42494 | Vaults:4 | Received a gift from Okawaru
 42529 | Vaults:4 | Noticed Norris
 42545 | Vaults:4 | Killed Norris
 42843 | Vaults:4 | Received a gift from Okawaru
 43471 | Vaults:5 | Entered Level 5 of the Vaults
 43477 | Vaults:5 | Received a gift from Okawaru
 43477 | Vaults:5 | Received a gift from Okawaru
 43477 | Vaults:5 | Identified the +0 barding "Meps" {Harm Dex+6} (Okawaru
                  | gifted it to you on level 5 of the Vaults)
 43477 | Vaults:5 | Received a gift from Okawaru
 43478 | Vaults:5 | Reached skill level 23 in Armour
 43559 | Vaults:5 | Noticed a golden dragon
 43567 | Vaults:5 | Killed a golden dragon
 43600 | Vaults:5 | Reached XP level 22. HP: 97/196 MP: 31/31
 43771 | Vaults:5 | Found Larameg's Magic Scroll Shoppe.
 43788 | Vaults:5 | Bought a scroll of teleportation for 51 gold pieces
 43788 | Vaults:5 | Bought a scroll of blinking for 127 gold pieces
 43788 | Vaults:5 | Bought a scroll of teleportation for 51 gold pieces
 43832 | Vaults:5 | Identified the ring of Nepibb {rPois rF- AC+4 Int+8}
 43941 | Vaults:5 | Received a gift from Okawaru
 44443 | Arena    | Entered the Arena
 44447 | Arena    | Received a gift from Okawaru
 44475 | Vaults:5 | Reached skill level 24 in Armour
 44542 | Vaults:5 | Got a silver rune of Zot
 44624 | Vaults:5 | Received a gift from Okawaru
 44817 | Vaults:5 | Identified the staff "Woacoc" {rElec rF+ Air}
 44825 | Vaults:5 | Identified the +0 rapier of Absolution {spect, MP+9}
 45247 | Depths:1 | Entered Level 1 of the Depths
 45336 | Depths:1 | Identified the +0 barding of the Moon Troll {Contam rPois
                  | Str+6 Stlth-} (Okawaru gifted it to you on level 1 of the
                  | Depths)
 45336 | Depths:1 | Received a gift from Okawaru
 45432 | Depths:1 | Reached skill level 15 in Throwing
 45470 | Depths:1 | Found a gateway to Hell.
 45807 | Depths:1 | Noticed Bai Suzhen
 45819 | Depths:1 | Killed Bai Suzhen
 46022 | Depths:1 | Noticed Saint Roka
 46032 | Depths:1 | Killed Saint Roka
 46133 | Depths:1 | Found a shadowy altar of Dithmenos.
 46440 | Depths:2 | Noticed a caustic shrike
 46621 | Depths:2 | Reached skill level 25 in Armour
 46632 | Depths:2 | Received a gift from Okawaru
 46638 | Depths:2 | Reached XP level 23. HP: 158/208 MP: 32/32
 46651 | Depths:2 | Noticed a caustic shrike
 46659 | Depths:2 | Identified the +8 quarterstaff of the Hierophant {freeze,
                  | rElec rN+ Dex-3}
 46659 | Depths:2 | Identified the +3 robe of the Gravedigger {rPois}
 46666 | Depths:2 | Killed a caustic shrike
 46669 | Depths:2 | Received a gift from Okawaru
 46926 | Depths:2 | Identified the +4 barding of the Valley of Death {rN+ Str-3
                  | Int+6} (Okawaru gifted it to you on level 2 of the Depths)
 46926 | Depths:2 | Received a gift from Okawaru
 47105 | Depths:2 | Killed a caustic shrike
 47214 | Depths:2 | Noticed a juggernaut
 47226 | Depths:2 | Killed a juggernaut
 47294 | Depths:2 | Found a runed translucent gate.
 47295 | Depths:2 | Found a runed translucent gate.
 47295 | Depths:2 | Found a runed translucent gate.
 47299 | Depths:2 | Noticed Yteiw's ghost (adept HOMo)
 47299 | Depths:2 | Noticed Yteiw's ghost (adept HOMo)
 47381 | Depths:2 | Noticed Afra's ghost (veteran FoHs)
 48154 | Depths:3 | Noticed an ancient lich
 48167 | Depths:3 | Found a one-way gate to the infinite horrors of the Abyss.
 48176 | Depths:3 | Killed an ancient lich
 48261 | Depths:3 | Noticed the Enchantress
 48481 | Depths:3 | Noticed a dread lich
 48491 | Depths:3 | Killed a dread lich
 48492 | Depths:3 | Reached skill level 26 in Armour
 48492 | Depths:3 | Noticed a dread lich
 48501 | Depths:3 | Killed a dread lich
 48550 | Depths:3 | Identified the +4 flail "Mimyrirch" {spect, Dex+3}
 48563 | Arena    | Entered the Arena
 48570 | Arena    | Killed the Enchantress
 48706 | Depths:3 | Received a gift from Okawaru
 48715 | Depths:3 | Found a one-way gateway to a ziggurat.
 48780 | Depths:3 | Identified the amulet "Caliquatiu" {RegenMP Harm Drain Fly
                  | rElec}
 49078 | Depths:3 | Noticed Jory
 49088 | Depths:3 | Killed Jory
 49142 | Depths:3 | Noticed a caustic shrike
 49151 | Depths:3 | Killed a caustic shrike
 49252 | Depths:3 | Reached skill level 15 in Fighting
 49461 | Depths:3 | Got Uthrucec's Progressing With Magic
 49688 | Depths:4 | Entered Level 4 of the Depths
 49793 | Depths:4 | Received a gift from Okawaru
 49811 | Depths:4 | Reached XP level 24. HP: 215/220 MP: 32/32
 49816 | Depths:4 | Noticed Parghit
 49836 | Depths:4 | Killed Parghit
 49841 | Depths:4 | Identified the +8 rapier "Sugomaut" {pain, Fly rN+ rCorr
                  | Str-2}
 49883 | Depths:4 | Received a gift from Okawaru
 49895 | Depths:4 | Found Ehacacok's Magic Scroll Emporium.
 49972 | Depths:4 | Bought a scroll of enchant armour for 112 gold pieces
 49972 | Depths:4 | Bought a scroll of teleportation for 45 gold pieces
 49972 | Depths:4 | Bought a scroll of teleportation for 45 gold pieces
 49972 | Depths:4 | Bought a scroll of immolation for 60 gold pieces
 50108 | Depths:4 | Received a gift from Okawaru
 50137 | Depths:4 | Reached skill level 27 in Armour
 50351 | Depths:4 | Identified the +8 dagger of Supply {speed, rF+ Will+}
 50422 | Depths:4 | Found a gate to the Realm of Zot.
 50741 | Zot:1    | Entered Level 1 of the Realm of Zot
 50905 | Zot:2    | Noticed a Killer Klown
 50923 | Zot:2    | Killed a Killer Klown
 50962 | Zot:2    | Found a transporter.
 50964 | Zot:2    | Found a transporter.
 51171 | Zot:5    | Entered Level 5 of the Realm of Zot
 51750 | Zot:5    | Received a gift from Okawaru
 51767 | Zot:5    | Noticed a Killer Klown
 51769 | Zot:5    | Noticed an orb of fire
 51789 | Zot:5    | Killed an orb of fire
 51800 | Zot:5    | Killed a Killer Klown
 51802 | Zot:5    | Noticed a Killer Klown
 51813 | Zot:5    | Killed a Killer Klown
 51817 | Zot:5    | Noticed a dread lich
 51818 | Zot:5    | Noticed a dread lich
 51830 | Zot:5    | Killed a dread lich
 51834 | Zot:5    | Killed a dread lich
 51834 | Zot:5    | Noticed an orb of fire
 51841 | Zot:5    | Killed an orb of fire
 52123 | Zot:5    | Noticed a dread lich
 52125 | Zot:5    | Noticed a dread lich
 52154 | Zot:5    | Killed a dread lich
 52167 | Zot:5    | Noticed a Killer Klown
 52181 | Zot:5    | Killed a Killer Klown
 52194 | Zot:5    | Killed a dread lich
 52194 | Zot:5    | Received a gift from Okawaru
 52195 | Zot:5    | Reached XP level 25. HP: 145/233 MP: 32/32
 52230 | Zot:5    | Received a gift from Okawaru
 52424 | Zot:5    | Identified the +1 flail of the Shrinking Stork {heavy,
                  | Will+ Stlth+} (Okawaru gifted it to you on level 5 of the
                  | Realm of Zot)
 52424 | Zot:5    | Received a gift from Okawaru
 52513 | Zot:5    | Got the Orb of Zot
 53097 | D:$      | Escaped with the Orb!

Illustrated notes

Levels and vault maps discovered:
D:1:      matt_arrival_spirals, layout_rooms
D:2:      layout_rooms, minmay_liquid_box, eino_tiny_chamber,
          minmay_tetromino_o2
D:3:      layout_basic, yredelemnul_forgotten_temple_becter,
          portal_sewer_entry_b
D:4:      layout_rooms, amcnicky_mini_corridor_feature, minmay_rat_hole,
          uniq_menkaure
D:5:      layout_rooms, temple_doors_e, minmay_quadrilaterals
D:6:      layout_loops_corners, mainiacjoe_overflow_chevrons, vehumet_crystals,
          serial_shops, shop, nicolae_shop_statue_plus, shop, shop, shop,
          chequers_serial_rivers_small_b
D:7:      layout_cave_pods, serial_park, serial_park_avenue1,
          serial_park_avenue1, serial_park_square1
          [serial_park_minivault_5x5_7], serial_park_gazebo
          [serial_park_minivault_5x5_4], kennysheep_generic_room_6,
          uniq_jeremiah
D:8:      layout_loops_corners, minivault_25, minmay_misc_feat_pillars,
          minmay_misc_feat_diagonals, introduction_to_nature_1
D:9:      layout_loops_ring, grunt_temple_overflow_open,
          minmay_misc_feat_nine_boxes
D:10:     layout_loops_cross, makhleb_altar_promises_db
D:11:     layout_cave_pools, hellmonk_lair_entry_icy, amcnicky_mini_pool_medium
D:12:     layout_grid_maze, gammafunk_ghost_smash
D:13:     layout_cave_pools, david_vaults_5, nooodl_orcs_dogs, uniq_lodul,
          uniq_urug
D:14:     layout_loops_ring, tso_metal_star, minmay_misc_feat_room,
          onia_ninara_dug_in_and_dangerous
D:15:     grunt_enter_depths_snipers, layout_cross,
          hangedman_abyss_or_decor_lesser_grid
Temple:   hellmonk_temple_divided_pantheon
Lair:1:   layout_hall_layers, nicolae_volcano_entry_two_sided,
          infiniplex_staircase_pool_2, uniq_nergalle, uniq_maggie
Lair:2:   layout_chaotic_city, dummy_snake_entry, minmay_hedge_maze,
          lemuel_old_faithful, serial_bayou_shore_a, grunt_megastairs_3
Lair:3:   gammafunk_mikee_crab_dinner, layout_loops_ring,
          palyth_hydra_swamp_entry, basic_altar, ebering_ghost_funeral_grove,
          wad_woods_02
Lair:4:   layout_long_grid, nicolae_slime_entry_slimehenge,
          portal_ice_cave_entry_imps
Lair:5:   hangedman_lair_in_review, layout_long_grid, minivault_23,
          lemuel_fruit_tree
Swamp:1:  layout_falls_marsh, lemuel_altar_in_water, swamp_pool5
Swamp:2:  nzn_winding_woodlands_three_and_one
          [nzn_winding_woodlands_5x15_split_checker,
          nzn_winding_woodlands_5x15_sidewinder,
          nzn_winding_woodlands_5x15_river_crossing,
          nzn_winding_woodlands_center_pierced_h], layout_basic_swamp,
          evilmike_swamp_ruin_house_6
Swamp:3:  layout_falls_marsh, evilmike_swamp_ruin_rubble_1, swamp_pool2
Swamp:4:  byrel_swamp_growth_death_and_undeath, layout_basic_swamp, swamp_pool3,
          nicolae_swamp_thats_no_hydra
Snake:1:  layout_layer_cave, gammafunk_ghost_necromancy, drop_trap
Snake:2:  layout_chambers, nicolae_shop_dragon_depot, grunt_megastairs_4
Snake:3:  layout_onion_interference
Snake:4:  grunt_snake_rune_spirals, layout_onion, serial_bayou_shore_b
Orc:1:    layout_caves
Orc:2:    pf_orc_diabolical, layout_caves, minmay_orc_keep
Elf:1:    nicolae_elf_arrival_no_cutting_in_line, layout_loops_cross,
          serial_shops, shop, evilmike_minifort, nicolae_elf_archery_training
Elf:2:    nicolae_elf_blades_crystal_corner, layout_geoelf_grid
Elf:3:    minmay_elf_hall_furrowed, layout_geoelf_grid, serial_shops,
          nicolae_shop_gibbet_a_chance, shop, shop, guppyfry_elf_castle,
          grunt_megastairs_5, uniq_donald
Vaults:1: v_misc_2, st_star, nicolae_vaults_wine_cellar,
          nicolae_vaults_closet_pinwheel_2, nicolae_vaults_variable_pillar_hall,
          nicolae_vaults_little_ls, ontoclasm_vaults_chip, grunt_vaults_focal,
          layout_vaults_omnigrid, uniq_asterion
Vaults:2: minmay_crypt_entry_nasty_monster, st_cells,
          nicolae_vaults_tetromino_T_1, v_alt_pattern_6,
          nicolae_vaults_mini_display_case, nicolae_vaults_tetromino_L_2,
          vaults_room_boxed, grunt_vaults_funnel, vaults_standard_mumra_lines,
          nicolae_vaults_prndl, nicolae_vaults_trapezoid_2,
          nicolae_vaults_closet_pinwheel_1, nicolae_vaults_little_squares_6,
          layout_vaults_omnicross
Vaults:3: nicolae_vaults_storage_closets_1, ontoclasm_vaults_shuriken,
          nicolae_vaults_trapezoid_1, vaults_mumra_lcd,
          nicolae_vaults_sesquioval_fish, v_misc_29, grunt_vaults_trifunnel,
          ontoclasm_vaults_ring_small, v_alt_pattern_6,
          nicolae_vaults_what_the_h, nicolae_vaults_tangram_1,
          layout_vaults_omnibox
Vaults:4: vaults_room_fancy_cross, v_misc_28, nicolae_vaults_closet_pinwheel_3,
          nicolae_vaults_double_plus_2, nicolae_vaults_meiosis, v_misc_10,
          special_room_vaults [special_room_orc], v_alt_pattern_2, v_misc_10,
          nicolae_vaults_rhombus_6, vaults_room_pool,
          nicolae_vaults_oval_intersection, ontoclasm_vaults_hangar,
          nicolae_vaults_little_squares_3, nicolae_vaults_diamond_2,
          layout_vaults_maze_bifur, uniq_norris
Vaults:5: serial_shops
Depths:1: layout_roguey, serial_sigils_hangedman_quiver, hangedman_coc_ice_floe,
          nicolae_dithmenos_through_a_glass_darkly, firewood_loft,
          uniq_saint_roka, uniq_bai_suzhen
Depths:2: minmay_the_grid_octo_tiled_squarecenter_mashed
          [minmay_the_grid_octo_focus, minmay_the_grid_octo_pinwheel,
          minmay_the_grid_octo_teeth, minmay_the_grid_octo_empty,
          minmay_the_grid_square_5x5_megaprize_crossed,
          minmay_the_grid_square_5x5_moneybag, minmay_the_grid_square_5x5_two,
          minmay_the_grid_square_5x5_bracketed, minmay_the_grid_square_5x5_meh],
          layout_gridlike, skrybe_limestone_x, grunt_hell_entry_dis_grunt,
          pan_entry, gammafunk_ghost_cemetery, lemuel_freeze_loot_1
Depths:3: hellmonk_hyper_hexagons [hex_subvault_fishy,
          hex_subvault_double_channel, hex_subvault_one_slice,
          hex_subvault_dug_out, hex_subvault_bug, hex_subvault_orbs], pan_entry,
          abyss_entry, hell_entry, uniq_jory
Depths:4: grunt_twist_and_shout, layout_gridlike, lightli_too_deep,
          minmay_misc_feat_ornament, abyss_entry, serial_shops,
          nicolae_diamond_shop, uniq_parghit
Zot:1:    kennysheep_blocky_hall, layout_misc_corridors
Zot:2:    layout_cathedral_of_symmetry, gammafunk_ghost_wrathful_warriors,
          serial_nicolae_subway, nicolae_sub_station_metal,
          nicolae_sub_station_stone, nicolae_sub_station_crystal, uniq_grunn
Zot:3:    layout_concentric_octagons
Zot:4:    layout_gridville
Zot:5:    layout_twisted_circle, drop_trap, grunt_ministairs_1

Skill      XL: |  1  2  3  4  5  6  7  8  9 10 11 12 13 14 15 16 17 18 19 20 21 22 23 24 25 |
---------------+----------------------------------------------------------------------------+-----
Stealth        | 2 3 |  3.1
Maces & Flails | 1 2 3 4 5 6 8 10 12 13 15 16 | 16.0
Armour         | 3 4 5 6 8 10 12 13 14 15 17 20 21 23 25 26 27 | 27.0
Fighting       | 2 6 8 10 11 12 14 15 16 17 | 17.3
Throwing       | 1 4 6 7 9 11 12 13 14 15 16 17 18 | 18.0
Invocations    | 1 5 8 9 10 11 12 | 12.0
Evocations     | 4 6 7 9 |  9.0
Shields        | 3 6 7 9 12 14 15 16 17 18 20 21 | 21.0
Necromancy     | 1 5 8 9 |  9.0
Dodging        | 2 6 9 |  9.0

Action                     |  1- 3 |  4- 6 |  7- 9 | 10-12 | 13-15 | 16-18 | 19-21 | 22-24 | 25-27 || total
---------------------------+-------+-------+-------+-------+-------+-------+-------+-------+-------++-------
  Melee: Dagger            |    52 |       |       |       |       |       |       |       |       ||    52
         Club              |     4 |       |       |       |       |       |       |       |       ||     4
         Tailslap          |    17 |    15 |    21 |    78 |   153 |   200 |   197 |   298 |    14 ||   993
         Whip              |    72 |     3 |       |       |       |       |       |       |       ||    75
         Mace              |       |   217 |    17 |       |       |       |       |       |       ||   234
         Punch             |       |     4 |     4 |     8 |       |       |       |       |       ||    16
         Morningstar       |       |       |   234 |   535 |   426 |    48 |    16 |   205 |    30 ||  1494
         Eveningstar       |       |       |       |       |   533 |  1097 |  1160 |  1264 |    85 ||  4139
  Throw: Boomerang         |       |     2 |    11 |     5 |    16 |    16 |    86 |       |       ||   136
         Dart              |       |     2 |       |       |       |       |       |     1 |       ||     3
         Throwing net      |       |       |       |     1 |       |       |       |       |       ||     1
         Javelin           |       |       |       |       |     1 |       |       |    52 |       ||    53
 Invoke: Heroism           |       |       |       |     7 |     5 |     4 |     6 |     8 |       ||    30
         Finesse           |       |       |       |     1 |     1 |     2 |     5 |     8 |       ||    17
         Duel              |       |       |       |       |       |       |     1 |     2 |       ||     3
  Evoke: Wand              |     5 |     7 |    22 |     3 |       |       |       |     6 |     5 ||    48
         Condenser vane    |       |       |       |       |       |       |       |     1 |       ||     1
    Use: Scroll            |     3 |       |    10 |     6 |    10 |    10 |     7 |    22 |     1 ||    69
         Potion            |       |     1 |     1 |     3 |     1 |     3 |    12 |    19 |       ||    40
   Stab: Sleeping          |     2 |       |     6 |     1 |       |       |       |       |       ||     9
         Distracted        |       |       |     1 |     5 |     8 |     3 |       |     2 |       ||    19
 Armour: Leather armour    |    40 |       |       |       |       |       |       |       |       ||    40
         Scale mail        |     8 |   165 |    51 |       |       |       |       |       |       ||   224
         Steam dragon scal |       |       |    60 |    76 |       |       |       |       |       ||   136
         Acid dragon scale |       |       |       |    45 |       |       |       |       |       ||    45
         Fire dragon scale |       |       |       |    12 |       |       |       |       |       ||    12
         Chain mail        |       |       |       |    87 |   378 |       |       |       |       ||   465
         Plate armour      |       |       |       |       |   253 |   764 |       |       |       ||  1017
         Gold dragon scale |       |       |       |       |       |    48 |   537 |   824 |    58 ||  1467
  Dodge: Dodged            |    71 |    98 |   172 |   307 |   262 |   128 |   118 |   188 |    13 ||  1357
  Block: Buckler           |       |       |       |     9 |    76 |       |       |       |       ||    85
         Kite shield       |       |       |       |       |   473 |   833 |   723 |   905 |    77 ||  3011

Table legend: (Time is in decaauts)
 A = Elapsed time spent in this place.
 B = Non-inter-level travel time spent in this place.
 C = Inter-level travel time spent in this place.
 D = Time resting spent in this place.
 E = Time spent auto-exploring this place.
 F = Levels seen in this place.
 G = Mean time per level.
                   A        B        C        D        E       F      G
               +--------+--------+--------+--------+--------+-----+--------+
         Total |  52094 |  47541 |   4553 |   9920 |  21695 |  54 |  964.7 |
       Dungeon |  17595 |  15459 |   2136 |   4375 |   6187 |  15 | 1173.0 |
        Temple |     28 |     28 |      0 |      0 |      0 |   1 |   28.0 |
          Lair |   6308 |   5472 |    836 |    914 |   2533 |   5 | 1261.6 |
         Swamp |   3509 |   3438 |     71 |    683 |   1554 |   4 |  877.2 |
     Snake Pit |   4838 |   4201 |    637 |    289 |   2450 |   4 | 1209.5 |
  Orcish Mines |   1905 |   1745 |    160 |    356 |    800 |   2 |  952.5 |
   Elven Halls |   3817 |   3564 |    253 |    960 |   1376 |   3 | 1272.3 |
        Vaults |   6447 |   6184 |    263 |    767 |   3797 |   5 | 1289.4 |
        Depths |   5308 |   5115 |    193 |    831 |   2715 |   4 | 1327.0 |
           Zot |   1747 |   1747 |      0 |    675 |    283 |   5 |  349.4 |
         Sewer |    286 |    286 |      0 |     42 |      0 |   1 |  286.0 |
      Ice Cave |      3 |      3 |      0 |      0 |      0 |   1 |    3.0 |
       Volcano |    225 |    225 |      0 |      0 |      0 |   1 |  225.0 |
         Arena |     70 |     70 |      0 |     26 |      0 |   3 |   23.3 |
               +--------+--------+--------+--------+--------+-----+--------+

Top non-repeatable levels by time:
   Elf:3: 1783 daAuts
     D:8: 1770 daAuts
  Lair:1: 1724 daAuts
Depths:2: 1708 daAuts
     D:9: 1645 daAuts
     D:6: 1618 daAuts
 Snake:2: 1609 daAuts
Depths:3: 1581 daAuts
    D:10: 1573 daAuts
  Lair:3: 1555 daAuts
Vaults:5: 1477 daAuts
     D:7: 1466 daAuts
Vaults:1: 1427 daAuts
 Snake:4: 1371 daAuts
    D:11: 1366 daAuts
